 Dungeon Crawl Stone Soup version 0.30.1-4-g462c640d31 (webtiles) character file.

Game seed: 9093750221884171385

4771 LynnLen the Covert (level 10, -1/49 HPs)
             Began as a Spriggan Enchanter on Aug 13, 2023.
             Was a Follower of Dithmenos.
             Slain by a sixfirhy (12 damage)
             ... on level 9 of the Dungeon on Aug 14, 2023.
             The game lasted 00:32:39 (9374 turns).

LynnLen the Covert (Spriggan Enchanter)             Turns: 9374, Time: 00:32:40

Health: -1/49      AC:  6    Str:  8    XL:     10   Next: 23%
Magic:  15/23      EV: 28    Int: 17    God:    Dithmenos [*.....]
Gold:   210        SH:  0    Dex: 22    Spells: 13/25 levels left

rFire   + . .        m - +3 quick blade
rCold   + . .        (no shield)
rNeg    . . .        u - +2 robe {rC+ rF+}
rPois   .            (helmet restricted)
rElec   .            j - +1 cloak
rCorr   .            (gloves unavailable)
SInv    +            (boots unavailable)
Will    +....        n - amulet of regeneration
Stlth   +++++        t - +5 ring of evasion
HPRegen 1.08/turn    a - +6 ring of dexterity
MPRegen 0.18/turn

%: no passive effects
@: confusing by touch, wreathed by umbra, very quick
A: very small, no large weapons, unfitting armour, see invisible, speed 3
a: Renounce Religion


You were on level 9 of the Dungeon.
You worshipped Dithmenos.
Dithmenos was aware of your devotion.
You visited 2 branches of the dungeon, and saw 10 of its levels.

You collected 428 gold pieces.
You spent 218 gold pieces at shops.

Inventory:

Hand Weapons
 m - a +3 quick blade (weapon)
Armour
 j - a +1 cloak (worn)
 u - a +2 robe of resistance (worn)
Jewellery
 a - a +6 ring of dexterity (right hand)
 l - an amulet of magic regeneration
 n - an amulet of regeneration (around neck)
 s - a ring of ice
 t - a +5 ring of evasion (left hand)
 x - a ring of ice
Wands
 q - a wand of roots (10)
 r - a wand of paralysis (13)
 w - a wand of mindburst (7)
 y - a wand of polymorph (18)
 z - a wand of light (22)
Scrolls
 c - 5 scrolls of teleportation
 o - 2 scrolls of fog
 v - a scroll of fear
Potions
 d - 3 potions of brilliance
 e - 3 potions of curing
 f - a potion of magic
 g - 3 potions of ambrosia
 h - a potion of cancellation
 i - 2 potions of attraction
 k - 4 potions of heal wounds
 p - a potion of resistance {unknown}
 A - 2 potions of flight


   Skills:
 + Level 3.8 Fighting
 * Level 6.1 Short Blades
 + Level 3.3 Armour
 + Level 7.0 Dodging
 + Level 8.8 Stealth
 + Level 8.1 Spellcasting
 + Level 8.0 Hexes
 - Level 4.0 Ice Magic


You had 13 spell levels left.
You knew the following spells:

 Your Spells              Type           Power      Damage    Failure   Level
a - Ensorcelled Hibernat  Hex/Ice        54%        N/A       1%          2
b - Confusing Touch       Hex            34%        N/A       1%          3
c - Tukima's Dance        Hex            34%        N/A       1%          3
d - Cause Fear            Hex            17%        N/A       3%          4

Your spell library contained the following spells:

 Spells                   Type           Power      Damage    Failure   Level
 Dazzling Flash           Conj/Hex       40%        N/A       6%          3
 Frozen Ramparts          Ice            40%        1d7       6%          3
 Portal Projectile        Hex/Tloc       40%        N/A       6%          3
 Beastly Appendage        Tmut           12%        N/A       11%         1
 Sandblast                Erth           12%        2d6       11%         1
 Cigotuvi's Dreadful Rot  Necr/Pois/Air  12%        N/A       16%         2
 Passwall                 Tmut/Erth      5%         N/A       16%         2
 Sublimation of Blood     Necr           6%         N/A       16%         2
 Wereblood                Tmut           6%         N/A       16%         2
 Leda's Liquefaction      Hex/Erth       10%        N/A       21%         4
 Call Canine Familiar     Summ           6%         N/A       30%         3
 Spider Form              Tmut/Pois      6%         N/A       30%         3
 Stone Arrow              Conj/Erth      12%        3d7       30%         3
 Swiftness                Air            6%         N/A       30%         3
 Ice Form                 Ice/Tmut       13%        N/A       41%         4
 Summon Ice Beast         Ice/Summ       13%        N/A       41%         4
 Silence                  Hex/Air        10%        N/A       50%         5
 Yara's Violent Unravell  Hex/Tmut       10%        3d6       50%         5
 Dispel Undead            Necr           6%         3d8       71%         4
 Passage of Golubria      Tloc           6%         N/A       71%         4
 Blade Hands              Tmut           3%         N/A       96%         5
 Death Channel            Necr           3%         N/A       100%        6
 Dragon Form              Tmut           3%         N/A       100%        7
 Summon Hydra             Summ           3%         N/A       100%        7
 Lehudib's Crystal Spear  Conj/Erth      3%         10d2      100%        8
 Dragon's Call            Summ           3%         N/A       100%        9


Dungeon Overview and Level Annotations

Branches:
Dungeon (9/15)             Temple (1/1) D:7
   Lair: D:8-11         Orc: D:9-12

Altars:
Ashenzari
Cheibriados
Dithmenos
Elyvilon
Fedhas
Gozag
Hepliaklqana
Kikubaaqudgha
Makhleb
Nemelex Xobeh
Okawaru
Qazlal
Ru
Sif Muna
Trog
Uskayaw
Vehumet
Wu Jian
Xom
Yredelemnul
Zin
The Shining One

Shops:
D:1 [   D:5 *   D:8 (?[?*

Annotations:
D:5 Edmund


Innate Abilities, Weirdness & Mutations

You are very small and have problems with some larger weapons.
You are too small for most types of armour.
You have supernaturally acute eyesight. (SInv)
You cover ground extremely quickly. (Speed+++)


Message History

Your hands begin to glow red.
The orc shouts!
The orc wizard misses you.
You barely miss the orc wizard.
The orc wizard mumbles some strange words.
The orc wizard flickers and vanishes for a moment.
You hit the orc wizard but do no damage.
The orc wizard appears confused.
You strike the helpless orc wizard from behind!
You impale the orc wizard!!
You kill the orc wizard!
Dithmenos accepts your kill. The orc hits you with a +0 hand axe.
Things that are here:
a +0 dagger; a +0 robe; an orc corpse
Casting: Confusing Touch (safe; 1% risk of failure)
Press: ? - help, Q - select action, (/) - cycle Dir - look around, f - activate Your hands begin to glow red.
The orc completely misses you.
You barely miss the orc. You barely miss the orc. The orc closely misses you.
You hit the orc but do no damage.
The orc appears confused.
You catch the helpless orc completely off-guard!
You impale the orc!!
You kill the orc!
Dithmenos accepts your kill.
You see here a +0 hand axe.
There is an open door here.
There is an open door here.
A sixfirhy comes into view.
Casting: Confusing Touch (safe; 1% risk of failure)
Press: ? - help, Q - select action, (/) - cycle Dir - look around, f - activate Your hands begin to glow red.
The sixfirhy completely misses you. The sixfirhy hits you.
The sixfirhy shocks you! The sixfirhy hits you. The sixfirhy shocks you!
You hit the sixfirhy but do no damage. The sixfirhy completely misses you.
You hit the sixfirhy but do no damage. The sixfirhy hits you!
* * * LOW HITPOINT WARNING * * *
The sixfirhy shocks you!
You die...

#####.....#
#.........####
#.............
#.............
#.............
#.............
#........#####......
#..3.....#...#......
#..@.....#...#......
#........#...#......
#........#...#......
#........'...#......
#........#...#......
#........#...#......
#........##'##......
#..............>...#
#........).........#


You could see a sixfirhy.

Vanquished Creatures
  Pikel (D:8)
  A hellwing (D:9)
  A troll (D:9)
  Sigmund (D:5)
  5 yaks
  A wyvern (D:9)
  A ynoxinul (D:9)
  Menkaure (D:4)
  2 acid dragons
  An orc warrior (D:7)
  Duvessa (D:7)
  A black bear (D:8)
  An ice beast (D:8)
  A sky beast (D:7)
  3 wolves (D:8)
  A centaur (D:8)
  2 kobold brigands
  A bullfrog (D:8)
  Blork the orc (D:4)
  3 scorpions
  Dowan (D:7)
  A quasit (D:9)
  5 orc priests
  6 hounds
  3 jellies
  5 orc wizards
  2 sleepcaps (D:5)
  2 iguanas (D:5)
  Robin (D:4)
  3 gnolls (D:8)
  5 adders
  2 shadow imps
  3 white imps
  2 ufetubi
  A worm (D:4)
  3 dart slugs
  17 orcs
  4 ball pythons
  5 bats
  9 endoplasms
  5 giant cockroaches
  13 goblins
  8 hobgoblins
  4 jackals (D:2)
  2 quokkas
  5 frilled lizards
  12 kobolds
  10 rats
169 creatures vanquished.

Vanquished Creatures (collateral kills)
  Grum (D:8)
  A gnoll bouda (D:8)
  A gnoll (D:8)
3 creatures vanquished.

Vanquished Creatures (others)
  A dancing weapon (D:7)
  2 goblins (D:4)
3 creatures vanquished.

Grand Total: 175 creatures vanquished

Notes
Turn   | Place    | Note
-------+----------+-------------------------------------------
     0 | D:1      | LynnLen the Spriggan Enchanter began the quest for the Orb.
     0 | D:1      | Reached XP level 1. HP: 9/9 MP: 5/5
   753 | D:1      | Reached XP level 2. HP: 13/13 MP: 6/6
   756 | D:1      | Learned a level 2 spell: Ensorcelled Hibernation
   767 | D:1      | Found Caxkusuc's Armour Emporium.
  1617 | D:2      | Found a shimmering altar of Xom.
  1681 | D:2      | Reached XP level 3. HP: 17/17 MP: 3/8
  1968 | D:2      | Learned a level 3 spell: Confusing Touch
  1972 | D:2      | Learned a level 3 spell: Tukima's Dance
  2089 | D:2      | Identified the +1 mace of Ivuaguot {flame, rN+ Will+}
  2560 | D:3      | Reached XP level 4. HP: 21/21 MP: 10/10
  2638 | D:3      | Found a blossoming altar of Fedhas.
  2642 | D:3      | Found a bloodstained altar of Trog.
  2647 | D:3      | Found an iron altar of Okawaru.
  2679 | D:3      | Reached skill level 5 in Stealth
  3424 | D:4      | Noticed Menkaure
  3447 | D:4      | Noticed Blork the orc
  3458 | D:4      | Killed Menkaure
  3459 | D:4      | Reached skill level 1 in Fighting
  3459 | D:4      | Reached skill level 1 in Ice Magic
  3459 | D:4      | Reached XP level 5. HP: 23/25 MP: 3/12
  3476 | D:4      | Killed Blork the orc
  3477 | D:4      | Reached skill level 5 in Hexes
  3477 | D:4      | Reached XP level 6. HP: 28/30 MP: 2/13
  3521 | D:4      | Noticed Robin
  4057 | D:4      | Killed Robin
  4139 | D:5      | Entered Level 5 of the Dungeon
  4139 | D:5      | Found Neruh's Lightly-Used Armoury.
  4155 | D:4      | Reached skill level 1 in Armour
  4256 | D:5      | Noticed Sigmund
  4299 | D:5      | Killed Sigmund
  4300 | D:5      | Reached XP level 7. HP: 33/33 MP: 6/15
  4487 | D:5      | Noticed Edmund
  4499 | D:5      | Reached skill level 5 in Spellcasting
  4554 | D:5      | Found an opulent altar of Gozag.
  5816 | D:6      | Reached XP level 8. HP: 39/39 MP: 17/17
  6237 | D:7      | Identified a scroll of acquirement
  6237 | D:7      | Acquired a book of the Dragon
  6335 | D:7      | Noticed Duvessa
  6336 | D:7      | Noticed Dowan
  6342 | D:7      | Killed Duvessa
  6355 | D:7      | Killed Dowan
  6486 | D:7      | Found a staircase to the Ecumenical Temple.
  6493 | Temple   | Entered the Ecumenical Temple
  6616 | Temple   | Became a worshipper of Dithmenos the Shadowed
  6681 | D:7      | Reached skill level 5 in Dodging
  7643 | D:8      | Noticed Grum
  7677 | D:8      | Reached XP level 9. HP: 36/43 MP: 13/19
  7686 | D:8      | Killed Grum
  7802 | D:8      | Found Folaas's Antique Armour Shoppe.
  7896 | D:8      | Found Nilept's Magic Scroll Shoppe.
  7905 | D:8      | Bought a scroll of enchant weapon for 90 gold pieces
  7905 | D:8      | Bought a scroll of identify for 24 gold pieces
  7928 | D:8      | Found Saoqugegoe's Antique Weapon Emporium.
  8094 | D:8      | Found Ruzuim's Magic Scroll Boutique.
  8100 | D:8      | Bought a scroll of identify for 26 gold pieces
  8100 | D:8      | Bought a scroll of identify for 26 gold pieces
  8100 | D:8      | Bought a scroll of identify for 26 gold pieces
  8100 | D:8      | Bought a scroll of identify for 26 gold pieces
  8166 | D:8      | Reached * piety under Dithmenos
  8215 | D:8      | Found Syfoiceh's Assorted Antiques.
  8448 | D:8      | Noticed Pikel
  8463 | D:8      | Killed Pikel
  8653 | D:9      | Reached skill level 5 in Short Blades
  8915 | D:8      | Reached XP level 10. HP: 24/49 MP: 18/22
  9163 | D:9      | Learned a level 4 spell: Cause Fear
  9366 | D:9      | Noticed a sixfirhy
  9374 | D:9      | Slain by a sixfirhy

Illustrated notes

Levels and vault maps discovered:
D:1:      nicolae_arrival_somewhat_less_tricky_arrival, layout_basic,
          serial_shops, nicolae_diamond_shop
D:2:      layout_loops_ring, basic_altar, minmay_split_cup_large
D:3:      layout_loops_cross, grunt_temple_overflow_diamond, dk_noncrumbling_2,
          wad_floor_pattern_untrapped, hangedman_decor_slide_cut
D:4:      layout_rooms, uniq_blork_the_orc, uniq_robin, uniq_menkaure
D:5:      layout_basic, nicolae_overflow_hidden_temple, minmay_shop_damaged,
          uniq_edmund, uniq_sigmund
D:6:      layout_loops_corners, chequers_serial_rivers_room_b
D:7:      layout_loops_ring, temple_green, uniq_duvessa
D:8:      layout_loops_ring, serial_shops, nicolae_lakefront_shop,
          shop_fountains, kennysheep_little_box, nicolae_shop_statue_plus, shop,
          uniq_grum, uniq_pikel
D:9:      layout_irregular_city, lair_entry_dummy, orc_0_dummy, serial_demonic,
          serial_demonic_g, serial_demonic_c, serial_demonic_a,
          serial_demonic_b, minmay_fractal_squares_gapless_5
Temple:   mainiacjoe_temple_coin_purse

Skill      XL: |  1  2  3  4  5  6  7  8  9 10 |
---------------+-------------------------------+-----
Spellcasting   | 3 4 5 6 7 8 |  8.1
Hexes          | 4 5 6 7 8 |  8.0
Dodging        | 3 4 5 6 7 |  7.0
Stealth        | 5 6 7 8 |  8.8
Fighting       | 1 2 3 |  3.8
Ice Magic      | 1 2 3 4 |  4.0
Short Blades   | 2 3 5 6 |  6.1
Armour         | 1 2 3 |  3.3

Action                     |  1- 3 |  4- 6 |  7- 9 | 10-12 || total
---------------------------+-------+-------+-------+-------++-------
  Melee: Dagger            |    82 |       |       |       ||    82
         Quick blade       |    80 |   186 |   439 |    47 ||   752
         Punch             |       |     4 |    10 |       ||    14
   Cast: Ensorcelled Hiber |    12 |    15 |    46 |     5 ||    78
         Confusing Touch   |       |     3 |    23 |     7 ||    33
         Tukima's Dance    |       |       |     7 |       ||     7
    Use: Scroll            |     7 |     2 |    14 |       ||    23
         Potion            |       |     2 |       |       ||     2
   Stab: Sleeping          |    19 |    16 |    34 |     3 ||    72
         Confused          |       |     7 |    25 |     8 ||    40
         Invisible         |       |     3 |       |       ||     3
         Distracted        |       |     1 |     1 |       ||     2
 Armour: Robe              |    19 |    29 |    26 |     7 ||    81
  Dodge: Dodged            |   112 |   140 |   246 |    71 ||   569
